 Dungeon Crawl Stone Soup version 0.20.0-15-g7f486f2 (webtiles) character file.

3948 fili the Fighter (level 10, -6/109 HPs)
             Began as a Gargoyle Berserker on June 18, 2017.
             Was an Elder of Trog.
             Mangled by an orc warrior
             ... wielding a +0 halberd
              (20 damage)
             ... on level 8 of the Dungeon.
             The game lasted 00:41:27 (7376 turns).

fili the Fighter (Gargoyle Berserker)               Turns: 7376, Time: 00:41:27

Health: -6/109     AC: 21    Str: 29    XL:     10   Next: 21%
Magic:  10/10      EV: 11    Int:  6    God:    Trog [****..]
Gold:   482        SH:  0    Dex:  9    Spells: 9/9 levels left

rFire    + . .     SeeInvis .   L - +2 flail (holy)
rCold    + . .     Gourm    .   (no shield)
rNeg     + . .     Faith    .   y - +0 chain mail
rPois    ∞         Spirit   .   j - +0 helmet
rElec    +         Reflect  .   z - +0 cloak
rCorr    .         Harm     .   c - +0 pair of gloves
MR       .....                  (no boots)
Stlth    ..........             (no amulet)
Regen    0.3/turn               q - ring of protection from fire
MPRegen  0.2/turn               G - ring of protection from cold

@: berserking (expiring), very quick
A: repulsion field 1, molten scales 1, dopey 1, negative energy resistance 1,
electricity resistance, unbreathing, evolution 1, petrification resistance, rot
immunity, AC +7
a: Berserk, Trog's Hand, Brothers in Arms, Burn Spellbooks, Renounce Religion


You were on level 8 of the Dungeon.
You worshipped Trog.
Trog was greatly pleased with you.
You were hungry.

You visited 1 branch of the dungeon, and saw 8 of its levels.
You also visited: Ossuary.

You collected 482 gold pieces.

Inventory:

Hand Weapons
 a - a +2 flail of protection
 b - a +0 shortbow
 L - a +2 flail of holy wrath (weapon)
Missiles
 e - 15 javelins (quivered)
 i - 2 steel javelins
 n - 43 arrows
 A - 3 needles of confusion
Armour
 c - a +0 pair of gloves (worn)
 j - a +0 helmet (worn)
 r - a +0 buckler
 y - a +0 chain mail (worn)
 z - a +0 cloak (worn)
Jewellery
 q - a ring of protection from fire (left hand)
 G - a ring of protection from cold (right hand)
Wands
 m - a wand of clouds (7/9)
 p - a wand of flame (21/48)
 s - a wand of iceblast (1/15)
 u - a wand of disintegration (7/24)
Scrolls
 d - 4 scrolls of remove curse
 k - 5 scrolls of identify
 v - 3 scrolls of teleportation
 w - a scroll of recharging
 J - a scroll of fog
Potions
 g - 2 potions of haste
 h - a potion of brilliance
 l - 2 potions of curing
 o - 3 potions of agility
 t - 3 potions of heal wounds
 H - a potion of cancellation
 K - a potion of lignification
Books
 D - a book of Conjurations

   Spells                             Type                      Level
   a - Magic Dart                     Conjuration                  1
   b - Searing Ray                    Conjuration                  2
   c - Dazzling Spray                 Conjuration/Hexes            3
   d - Fulminant Prism                Conjuration/Hexes            4
   e - Force Lance                    Conjuration/Translocation    4
   f - Iskenderun's Mystic Blast      Conjuration                  4
   Trog disapproves of the use of such an item.
 F - a book of Geomancy

   Spells                             Type                      Level
   a - Sandblast                      Earth                        1
   b - Passwall                       Transmutation/Earth          2
   c - Stone Arrow                    Conjuration/Earth            3
   d - Petrify                        Transmutation/Earth          4
   e - Lee's Rapid Deconstruction     Earth                        5
   Trog disapproves of the use of such an item.
Comestibles
 f - 14 fruits
 x - 7 bread rations
 B - 4 meat rations
 C - 2 chunks of flesh
 I - a royal jelly


   Skills:
 * Level 13.0 Fighting
 + Level 8.7 Maces & Flails
 - Level 2.1 Armour
 - Level 1.5 Dodging


You had 9 spell levels left.
You didn't know any spells.

Dungeon Overview and Level Annotations

Branches:
Dungeon (8/15)             Temple (0/1) D:7            Lair (0/6) D:8

Altars:
Elyvilon
Zin
The Shining One

Shops:
D:6 ?


Innate Abilities, Weirdness & Mutations

You are resistant to torment.
Your stone body is resilient. (AC +7)
You are immune to poison.
You resist negative energy. (rN+)
You are resistant to electric shocks. (rElec)
You can survive without breathing.
You are immune to petrification.
You are immune to rotting.
You are surrounded by a mild repulsion field. (EV +2)
You are partially covered in molten scales. (AC +2)
You are dopey. (Int -2)
You evolve.


Message History

The orc warrior hits you with a halberd!
* * * LOW HITPOINT WARNING * * *
Something hits you but does no damage. The orc hits you but does no damage.
Items here: ) [ †† a dagger; a shiny ring mail; an orc corpse; a hippogriff corpse You barely miss the orc warrior.
Something hits you but does no damage.
The orc warrior hits you but does no damage.
You barely miss the orc warrior. The orc barely misses you.
You sock the orc warrior!
The orc warrior is heavily wounded.
Something hits you but does no damage.
The orc warrior hits you with a halberd!
* * * LOW HITPOINT WARNING * * *
You hit the orc warrior.
The orc warrior is heavily wounded.
The orc hits you but does no damage. Something hits you but does no damage.
You thump the orc warrior!
The orc warrior is severely wounded.
The orc warrior hits you with a halberd!!
You die...

#.......#.)......
#.......#'## #+##+####
######.....#+##.##....##
#.....#............
#.....#............
#.....#............
######.)...#....##.....#
#......o.###'#####.....#
#.....{@.#.............#
#.......o#.............#
#........#.............#
#........#'#############
####'##...........
#....#...........
#....#...........
#....#...........
#....#...........


You could see an orc warrior and an orc.

Vanquished Creatures
  Pikel (D:7)
  The ghost of Malak the Cleaver, an amateur HOFi (D:4)
  2 hippogriffs
  A spriggan (D:7)
  A hungry ghost (D:6)
  Edmund (D:4)
  A hornet zombie (D:8)
  2 ice beasts
  A slave (D:7)
  An orc warrior (D:7)
  An ogre (D:8)
  2 phantoms
  2 centaurs
  3 bullfrogs
  A big kobold (D:7)
  Blork the orc (D:5)
  3 howler monkeys (D:7)
  A crimson imp (D:5)
  A bullfrog zombie (D:5)
  2 hounds
  A quasit (D:7)
  2 jellies
  5 orc wizards
  3 orc priests
  2 bullfrog skeletons
  3 centaur skeletons
  Jessica (D:2)
  2 iguanas
  Natasha (thrice) (D:3)
  4 worker ants
  A hound zombie (D:7)
  A hound skeleton (D:4)
  8 mummies (Ossuary)
  Robin (D:2)
  A howler monkey zombie (D:6)
  A worker ant zombie (D:7)
  12 adders
  A howler monkey skeleton (D:5)
  An adder zombie (D:7)
  3 worms
  2 dart slugs (D:2)
  5 leopard geckos
  22 orcs
  4 bats
  12 giant cockroaches
  A gnoll zombie (Ossuary)
  13 goblins
  11 hobgoblins
  20 jackals
  15 kobolds
  A quokka (D:3)
  2 frilled lizards (D:2)
  A goblin zombie (D:6)
  4 hobgoblin zombies (Ossuary)
  A kobold zombie (Ossuary)
  A leopard gecko skeleton (D:8)
  2 orc zombies (Ossuary)
  2 quokka skeletons (D:4)
  10 rats
  A rat zombie (D:6)
215 creatures vanquished.

Notes
Turn   | Place    | Note
-------+----------+-------------------------------------------
     0 | D:1      | fili the Gargoyle Berserker began the quest for the Orb.
     0 | D:1      | Reached XP level 1. HP: 14/14 MP: 1/1
   295 | D:1      | Reached XP level 2. HP: 17/20 MP: 2/2
   710 | D:1      | Reached skill level 4 in Fighting
   864 | D:1      | Reached XP level 3. HP: 18/24 MP: 3/3
  1363 | D:2      | Reached XP level 4. HP: 30/30 MP: 4/4
  1379 | D:2      | Reached ** piety under Trog
  1710 | D:2      | Reached skill level 5 in Fighting
  1735 | D:2      | Noticed Jessica
  1747 | D:2      | Killed Jessica
  1747 | D:2      | Reached XP level 5. HP: 35/35 MP: 5/5
  1932 | D:2      | Found a faded altar of an unknown god.
  2101 | D:3      | Noticed Robin
  2149 | D:2      | Killed Robin
  2410 | D:3      | Noticed Natasha
  2417 | D:3      | Killed Natasha
  2659 | D:3      | Noticed Natasha
  2668 | D:3      | Killed Natasha
  2668 | D:3      | Reached skill level 6 in Fighting
  2698 | D:3      | Reached XP level 6. HP: 41/41 MP: 6/6
  2948 | D:3      | Noticed Natasha
  2953 | D:3      | Killed Natasha
  2953 | D:3      | Reached *** piety under Trog
  3396 | D:4      | Noticed Malak's ghost (amateur HOFi)
  3407 | D:4      | Killed Malak's ghost
  3407 | D:4      | Reached skill level 7 in Fighting
  3407 | D:4      | Reached skill level 5 in Maces & Flails
  3407 | D:4      | Reached XP level 7. HP: 45/48 MP: 7/7
  3732 | D:4      | Reached skill level 8 in Fighting
  3897 | D:4      | Noticed Edmund
  3906 | D:4      | Killed Edmund
  3906 | D:4      | Reached XP level 8. HP: 55/55 MP: 8/8
  3960 | D:4      | Gained mutation: You evolve. [potion of mutation]
  3960 | D:4      | Gained mutation: You are dopey. (Int -2) [potion of mutation]
  3960 | D:4      | Gained mutation: You are partially covered in molten scales. (AC +2) [potion of mutation]
  3967 | D:5      | Entered Level 5 of the Dungeon
  4061 | D:5      | Reached skill level 9 in Fighting
  4117 | D:5      | Noticed Blork the orc
  4122 | D:5      | Killed Blork the orc
  4125 | D:5      | Received a gift from Trog
  4660 | D:5      | Found a glowing golden altar of the Shining One.
  4660 | D:5      | Found a white marble altar of Elyvilon.
  4660 | D:5      | Found a glowing silver altar of Zin.
  4685 | D:5      | Reached skill level 10 in Fighting
  4988 | D:5      | Reached **** piety under Trog
  4990 | D:5      | Gained mutation: You are surrounded by a mild repulsion field. (EV +2) [evolution]
  5098 | D:6      | Found Tacoe's Magic Scroll Shoppe.
  5222 | D:6      | Reached XP level 9. HP: 49/63 MP: 9/9
  5509 | D:6      | Found a sand-covered staircase.
  5521 | Ossuary  | Entered an ossuary
  5571 | Ossuary  | Reached skill level 11 in Fighting
  6524 | D:7      | Found a staircase to the Ecumenical Temple.
  6806 | D:7      | Reached skill level 12 in Fighting
  7124 | D:7      | Noticed Pikel
  7146 | D:7      | Killed Pikel
  7146 | D:7      | Reached XP level 10. HP: 72/72 MP: 10/10
  7257 | D:8      | Found a staircase to the Lair.
  7369 | D:8      | Reached skill level 13 in Fighting
  7376 | D:8      | Mangled by an orc warrior

Skill      XL: |  1  2  3  4  5  6  7  8  9 10 |
---------------+-------------------------------+-----
Fighting       | 4 5 6 7 8 10 12 13 | 13.0
Maces & Flails | 4 5 7 8 |  8.7
Armour         | |  2.1
Dodging        | |  1.5

Action                   |  1- 3 |  4- 6 |  7- 9 | 10-12 || total
-------------------------+-------+-------+-------+-------++-------
Melee: Mace              |    92 |   246 |   187 |       ||   525
       Flail             |       |       |   268 |    42 ||   310
 Fire: Shortbow          |       |       |     2 |       ||     2
Throw: Javelin           |       |     6 |    11 |     4 ||    21
Invok: Berserk           |     1 |     3 |     3 |     1 ||     8
Evoke: Wand              |       |     1 |       |       ||     1
  Use: Scroll            |     2 |     6 |     3 |       ||    11
       Potion            |       |     2 |    11 |     1 ||    14
  Eat: Chunk             |     2 |     9 |    10 |     1 ||    22
       Bread ration      |       |       |     1 |       ||     1
       Fruit             |       |       |     3 |       ||     3
       Royal jelly       |       |       |     1 |       ||     1
Armor: Animal skin       |    27 |    77 |       |       ||   104
       Ring mail         |       |    32 |   142 |       ||   174
       Chain mail        |       |       |   127 |    54 ||   181
Dodge: Dodged            |    67 |   171 |   264 |    32 ||   534
Block: Buckler           |       |     1 |    19 |       ||    20
